 Dungeon Crawl Stone Soup version 0.32-a0-433-g08bcfe7efd (webtiles) character file.

Game seed: 8354343104666492853

63 adelrune the Trooper (level 3, -3/33 HPs)
             Began as a Minotaur Fighter on Feb 21, 2024.
             Slain by Jaxible's ghost (8 damage)
             ... on level 3 of the Dungeon on Feb 22, 2024.
             The game lasted 00:04:36 (1780 turns).

adelrune the Trooper (Minotaur Fighter)             Turns: 1780, Time: 00:04:37

Health: -3/33      AC:  9    Str: 22    XL:     3   Next: 89%
Magic:  0/2        EV:  8    Int:  5    God:
Gold:   73         SH:  4    Dex:  9    Spells: 2/2 levels left

rFire   . . .        a - +0 flail
rCold   . . .        c - +0 buckler
rNeg    . . .        r - +0 chain mail
rPois   +            (helmet restricted)
rElec   .            (no cloak)
rCorr   +            (no gloves)
SInv    .            (no boots)
Will    .....        i - amulet of guardian spirit Stlth
                     h - ring of resist corrosion
HPRegen 0.25/turn    o - ring of poison resistance
MPRegen 0.08/turn

%: guardian spirit
@: mighty
A: horns 2, retaliatory headbutt
a: no special abilities


You were on level 3 of the Dungeon.
You visited 1 branch of the dungeon, and saw 3 of its levels.

You collected 73 gold pieces.

Inventory:

Hand Weapons
 a - a +0 flail (weapon)
Armour
 b - a +0 scale mail
 c - a +0 buckler (worn)
 r - a +0 chain mail (worn)
Jewellery
 h - a ring of resist corrosion (left hand)
 i - an amulet of guardian spirit (around neck)
 o - a ring of poison resistance (right hand)
Scrolls
 j - a scroll of revelation {unknown}
 m - a scroll of vulnerability {unknown}
 n - 2 scrolls of teleportation {unknown}
 p - a scroll of identify {unknown}
Potions
 d - 2 potions of might
 e - 3 potions of magic {unknown}
 f - a potion of curing {unknown}
 g - a potion of lignification {unknown}
 k - 2 potions of brilliance {unknown}
 l - a potion of berserk rage {unknown}
 q - a potion of heal wounds {unknown}
 s - a potion of haste {unknown}


   Skills:
 + Level 4.0 Fighting
 * Level 3.6 Maces & Flails
 + Level 4.0 Armour
 + Level 1.3 Dodging
 + Level 4.0 Shields


You had 2 spell levels left.
You didn't know any spells.
Your spell library was empty.

Dungeon Overview and Level Annotations

Branches:
Dungeon (3/15)

Altars:

Annotations:
D:3 Jaxible's ghost, amateur MDFi


Innate Abilities, Weirdness & Mutations

You have a pair of horns on your head.
You reflexively headbutt those who attack you in melee.


Message History

You hit the ribbon worm but do no damage.
Your headbutt misses the ribbon worm.
The ribbon worm is severely wounded.
The ribbon worm bites you.
You barely miss the ribbon worm.
The ribbon worm is severely wounded.
The ribbon worm bites you but does no damage.
You thump the ribbon worm!
The ribbon worm is almost dead.
The ribbon worm expels a string of sticky webbing.
The stream of webbing hits you but does no damage.
You are caught in a web!
The web tears apart.
The ribbon worm bites you but does no damage.
You sock the ribbon worm!
You kill the ribbon worm!
Jaxible's ghost says, "I have plenty of time to study, now."
You feel very mighty all of a sudden. You block Jaxible's ghost's attack.
You sock Jaxible's ghost! Your headbutt misses Jaxible's ghost.
Jaxible's ghost is lightly damaged.
Jaxible's ghost hits you. x2
You hit Jaxible's ghost.
Jaxible's ghost is moderately damaged.
Jaxible's ghost hits you.
You barely miss Jaxible's ghost.
Jaxible's ghost is moderately damaged.
Jaxible's ghost closely misses you.
You sock Jaxible's ghost!
Jaxible's ghost is severely damaged.
Jaxible's ghost hits you!
You hit Jaxible's ghost but do no damage.
Jaxible's ghost is severely damaged.
Jaxible's ghost hits you!
* * * LOW HITPOINT WARNING * * *
Jaxible's ghost barely misses you.
You closely miss Jaxible's ghost.
Jaxible's ghost is severely damaged.
Jaxible's ghost hits you!
You die...

#..#...#...#..# ####.
#..#.......#..# #.
#..#########..# #.
#.............#############.
#.
#...........................
#.
###W.#.#####################
#. .W..w..# #.
######.################ #.
#^†......KW@.....##########.
################....†.....[.
#############


You could see Jaxible's ghost and a kobold.

Vanquished Creatures
  4 adders
  A ribbon worm (D:3)
  6 ball pythons
  4 endoplasms
  2 goblins
  A jackal (D:3)
  2 bats
  5 frilled lizards
  A kobold (D:1)
  3 rats
29 creatures vanquished.

Notes
Turn   | Place    | Note
-------+----------+-------------------------------------------
     0 | D:1      | adelrune the Minotaur Fighter began the quest for the Orb.
     0 | D:1      | Reached XP level 1. HP: 19/19 MP: 0/0
     0 | D:1      | Upgraded the game from 0.32-a0-422-g28b100f618 to
                  | 0.32-a0-433-g08bcfe7efd
   846 | D:2      | Reached XP level 2. HP: 27/27 MP: 1/1
   975 | D:2      | Reached skill level 1 in Dodging
   975 | D:2      | Reached XP level 3. HP: 31/33 MP: 2/2
  1507 | D:3      | Found a faded altar of an unknown god.
  1591 | D:3      | Noticed Jaxible's ghost (amateur MDFi)
  1594 | D:3      | Found a runed translucent gate.
  1594 | D:3      | Found a runed translucent gate.
  1594 | D:3      | Found a runed translucent gate.
  1780 | D:3      | Slain by Jaxible's ghost

Illustrated notes

Levels and vault maps discovered:
D:1:      lightli_arrival_statue_moat, layout_basic
D:2:      layout_basic
D:3:      layout_loops_ring, nicolae_overflow_two_pavilions, marbit_many_paths,
          gammafunk_ghost_split, hellmonk_ecumenical_altar_leap_of_faith

Skill      XL: |  1  2  3 |
---------------+----------+-----
Maces & Flails | 3 |  3.6
Dodging        | 1 |  1.3
Fighting       | 4 |  4.0
Armour         | 4 |  4.0
Shields        | 4 |  4.0

Action                     || total
---------------------------++-------
  Melee: Flail             ||    83
         Headbutt          ||    11
    Use: Potion            ||     1
 Armour: Scale mail        ||    12
         Chain mail        ||    48
  Dodge: Dodged            ||    37
  Block: Buckler           ||    22

Table legend: (Time is in decaauts)
 A = Elapsed time spent in this place.
 B = Non-inter-level travel time spent in this place.
 C = Inter-level travel time spent in this place.
 D = Time resting spent in this place.
 E = Time spent auto-exploring this place.
 F = Levels seen in this place.
 G = Mean time per level.
                   A        B        C        D        E       F      G
               +--------+--------+--------+--------+--------+-----+--------+
         Total |   1799 |   1723 |     76 |     20 |   1339 |   3 |  599.7 |
       Dungeon |   1799 |   1723 |     76 |     20 |   1339 |   3 |  599.7 |
               +--------+--------+--------+--------+--------+-----+--------+

Top non-repeatable levels by time:
     D:2: 798 daAuts
     D:1: 671 daAuts
     D:3: 329 daAuts
